 Dungeon Crawl Stone Soup version 0.24-a0-512-g2b48af375b (webtiles) character file.

Game seed: 4598012125992517416

163 Mithandil the Conjurer (level 5, 0/28 HPs)
             Began as a Deep Elf Conjurer on July 20, 2019.
             Slain by a centaur zombie (1 damage)
             ... on level 4 of the Dungeon.
             The game lasted 00:18:21 (2955 turns).

Mithandil the Conjurer (Deep Elf Conjurer)          Turns: 2955, Time: 00:18:21

Health: 0/28       AC:  3    Str: 11    XL:     5   Next: 20%
Magic:  1/13       EV: 13    Int: 20    God:
Gold:   71         SH:  4    Dex: 15    Spells: 9/12 levels left

rFire    . . .     SeeInvis .   b - +0 short sword (drain)
rCold    . . .     Gourm    .   n - +0 buckler
rNeg     . . .     Faith    .   p - +0 leather armour
rPois    .         Spirit   .   (no helmet)
rElec    .         Reflect  .   (no cloak)
rCorr    .         Harm     .   (no gloves)
MR       .....                  (no boots)
Stlth    ++........             (no amulet)
HPRegen  0.09/turn              s - +5 ring of strength
MPRegen  0.13/turn              (no ring)

@: no status effects
A: no striking features
a: no special abilities


You were on level 4 of the Dungeon.
You were not hungry.

You visited 1 branch of the dungeon, and saw 4 of its levels.

You collected 71 gold pieces.

Inventory:

Hand Weapons
 a - a +0 dagger
 b - a +0 short sword of draining (weapon)
Missiles
 d - 48 arrows
 e - 8 boomerangs of dispersal (quivered)
 j - 6 boomerangs
 l - 34 poisoned darts
Armour
 n - a +0 buckler (worn)
 p - a +0 leather armour (worn)
Jewellery
 f - an uncursed ring of poison resistance {unknown}
 s - a +5 ring of strength (left hand)
Scrolls
 h - 2 scrolls of identify
Potions
 g - 2 potions of agility
 i - 2 potions of lignification
Comestibles
 c - 7 rations
 q - 3 chunks of flesh


   Skills:
 + Level 1.3 Short Blades
 + Level 3.5 Dodging
 + Level 3.0 Stealth
 * Level 1.3 Shields
 * Level 4.2 Spellcasting
 * Level 5.2 Conjurations


You had 9 spell levels left.
You knew the following spells:

 Your Spells              Type           Power        Failure   Level  Hunger
a - Magic Dart            Conj           ####         2%          1    None
b - Searing Ray           Conj           ####..       4%          2    #......

Your spell library contained the following spells:

 Spells                   Type           Power        Failure   Level  Hunger
 Beastly Appendage        Tmut           #.....       24%         1    None
 Dazzling Spray           Conj/Hex       ##....       24%         3    ###....
 Iskenderun's Mystic Bla  Conj           ####....     26%         4    ####...
 Sticks to Snakes         Tmut           #.......     34%         2    #......
 Spider Form              Tmut/Pois      #.........   56%         3    ###....
 Force Lance              Conj/Tloc      ##......     61%         4    ####...
 Fulminant Prism          Conj/Hex       ##........   61%         4    ####...
 Ice Form                 Ice/Tmut       #.......     93%         4    ####...
 Blade Hands              Tmut           #.........   100%        5    ######.


Dungeon Overview and Level Annotations

Branches:
Dungeon (4/15)
 Temple: D:4-7

Altars:
Ashenzari
Trog


Message History

The magic dart hits the centaur zombie.
The centaur zombie is severely damaged.
You block the centaur zombie's attack.
Casting: Magic Dart (safe; 2% risk of failure)
Confirm with . or Enter, or press ? or * to list all spells.
Aiming: Magic Dart (safe; 2% risk of failure)
Press: ? - help, Shift-Dir - straight line, f/p - centaur zombie
Aim: a centaur zombie (severely damaged)
The magic dart hits the centaur zombie.
The centaur zombie is almost destroyed.
The centaur zombie misses you.
Casting: Magic Dart (safe; 2% risk of failure)
Confirm with . or Enter, or press ? or * to list all spells.
Aiming: Magic Dart (safe; 2% risk of failure)
Press: ? - help, Shift-Dir - straight line, f/p - centaur zombie
Aim: a centaur zombie (almost destroyed)
The magic dart hits the centaur zombie but does no damage.
The centaur zombie is almost destroyed.
The centaur zombie hits you.
You die...

## #### . ..# #
#.##.##.#
#.#...#.#.#
#........ #.####
####...###
####.##..
#...@Z...#
#........
#.######.#
#.##..... #.#
#.##.....
#.####.#......
#.............
#.####........
#.####..#.#...
######..#....###...
.........#.##.#
#...


You could see a centaur zombie.

Vanquished Creatures
  2 worker ants (D:4)
  3 adders (D:2)
  5 worms
  3 dart slugs
  3 giant cockroaches
  6 goblins
  6 hobgoblins
  11 jackals
  5 kobolds
  A quokka (D:2)
  2 ball pythons
  10 bats
  A frilled lizard (D:4)
  6 rats
64 creatures vanquished.

Notes
Turn   | Place    | Note
-------+----------+-------------------------------------------
     0 | D:1      | Mithandil the Deep Elf Conjurer began the quest for the
                  | Orb.
     0 | D:1      | Reached XP level 1. HP: 10/10 MP: 6/6
   370 | D:1      | Reached XP level 2. HP: 15/15 MP: 6/8
   377 | D:1      | Learned a level 2 spell: Searing Ray
   869 | D:1      | Reached XP level 3. HP: 19/19 MP: 7/10
  1516 | D:2      | Found a bloodstained altar of Trog.
  1517 | D:2      | Found a shattered altar of Ashenzari.
  1889 | D:2      | Reached skill level 5 in Conjurations
  1889 | D:2      | Reached XP level 4. HP: 24/24 MP: 9/11
  1896 | D:2      | Reached skill level 1 in Short Blades
  2482 | D:2      | Reached skill level 1 in Shields
  2811 | D:4      | Reached XP level 5. HP: 7/28 MP: 7/13
  2948 | D:4      | HP: 1/28 [centaur zombie (5)]
  2955 | D:4      | Slain by a centaur zombie

Levels and vault maps discovered:
D:1:      lightli_arrival_maybe_door_vault, layout_rooms, minmay_misc_feat_rows
D:2:      layout_loops_ring, chequers_temple_overflow_statue_of_worship,
          first_ration
D:3:      layout_basic, ebering_ghost_disaster_area
D:4:      layout_loops_cross, temple_green, enter_ossuary_4, hex_large

Skill      XL: |  1  2  3  4 |
---------------+-------------+-----
Dodging        | 3 |  3.5
Conjurations   | 5 |  5.2
Short Blades   | 1 |  1.3
Spellcasting   | 4 |  4.2
Shields        | 1 |  1.3
Stealth        | 3 |  3.0

Action                   |  1- 3 |  4- 6 || total
-------------------------+-------+-------++-------
Melee: Dagger            |     7 |       ||     7
       Short sword       |     6 |    13 ||    19
 Cast: Magic Dart        |    89 |    70 ||   159
  Use: Scroll            |     1 |     9 ||    10
       Potion            |       |     2 ||     2
  Eat: Chunk             |     3 |     3 ||     6
Armor: Robe              |     5 |       ||     5
       Leather armour    |       |     6 ||     6
Dodge: Dodged            |    39 |    26 ||    65
Block: Buckler           |       |    11 ||    11

Table legend:
 A = Non-vault XP
 B = Vault XP
 C = Vault XP percentage of total XP
 D = Non-vault monster count
 E = Vault monster count
 F = Vault count percentage of total count
                 A         B        C        D         E       F
            +---------+---------+-------+---------+---------+-------
      Total |     233 |       0 |   0.0 |      64 |       0 |   0.0
            +---------+---------+-------+---------+---------+-------
        D:1 |      54 |       0 |   0.0 |      27 |       0 |   0.0
        D:2 |     104 |       0 |   0.0 |      30 |       0 |   0.0
        D:3 |       5 |       0 |   0.0 |       3 |       0 |   0.0
        D:4 |      70 |       0 |   0.0 |       4 |       0 |   0.0
            +---------+---------+-------+---------+---------+-------
